 Dungeon Crawl Stone Soup version 0.32-a0-933-ga8fa363 (webtiles) character file.

Game seed: 7781901654311363655

88 Loakagen the Trooper (level 4, 0/41 HPs)
             Began as a Minotaur Fighter on Apr 14, 2024.
             Killed from afar by Sigmund (7 damage)
             ... with a puff of flame
             ... on level 2 of the Dungeon.
             The game lasted 00:01:52 (1005 turns).

Loakagen the Trooper (Minotaur Fighter)             Turns: 1005, Time: 00:01:52

Health: 0/41       AC:  6    Str: 21    XL:     4   Next: 30%
Magic:  3/3        EV:  8    Int:  5    God:
Gold:   27         SH:  4    Dex: 11    Spells: 3/3 levels left

rFire   . . .        a - +0 war axe
rCold   . . .        c - +0 buckler
rNeg    . . .        b - +0 scale mail
rPois   .            (helmet restricted)
rElec   .            (no cloak)
rCorr   .            (no gloves)
SInv    .            (no boots)
Will    +....        (no amulet) Stlth
                     f - ring of willpower
HPRegen 0.26/turn    (no ring)
MPRegen 0.08/turn

%: no passive effects
@: mighty
A: horns 2, retaliatory headbutt
a: no special abilities


You were on level 2 of the Dungeon.
You visited 1 branch of the dungeon, and saw 2 of its levels.

You collected 27 gold pieces.

Inventory:

Hand Weapons
 a - a +0 war axe (weapon)
Missiles
 j - 3 silver javelins (quivered)
Armour
 b - a +0 scale mail (worn)
 c - a +0 buckler (worn)
Jewellery
 f - a ring of willpower (left hand)
Scrolls
 e - a scroll of acquirement {unknown}
 g - 2 scrolls of enchant armour {unknown}
 i - 3 scrolls of brand weapon {unknown}
 l - a scroll of identify {unknown}
Potions
 h - a potion of magic {unknown}
 k - a potion of attraction {unknown}


   Skills:
 + Level 4.9 Fighting
 + Level 4.1 Axes
 + Level 1.0 Throwing
 - Level 3.6 Armour
 - Level 3.6 Shields


You had 3 spell levels left.
You didn't know any spells.
Your spell library was empty.

Dungeon Overview and Level Annotations

Branches:
Dungeon (2/15)

Altars:

Annotations:
D:2 Sigmund


Innate Abilities, Weirdness & Mutations

You have a pair of horns on your head.
You reflexively headbutt those who attack you in melee.


Message History

You slash the ribbon worm!
The ribbon worm is heavily wounded.
The ribbon worm bites you but does no damage.
Sigmund hits you from afar with a +0 scythe!
You barely miss the ribbon worm.
The ribbon worm is heavily wounded.
The ribbon worm closely misses you. Sigmund gestures at you while chanting.
You are confused.
You're too confused to move!
The ribbon worm expels a string of sticky webbing.
The stream of webbing hits you but does no damage.
You are caught in a web!
Sigmund casts a spell at you. The magic dart hits you.
You struggle to detach yourself from the web.
The ribbon worm closely misses you. Sigmund hits you but does no damage.
The web tears apart.
The ribbon worm bites you. Sigmund attacks as he pursues you!
Sigmund hits you but does no damage. Sigmund attacks as he pursues you!
Sigmund hits you from afar with a +0 scythe!
* * * LOW HITPOINT WARNING * * *
You barely miss the ribbon worm.
The ribbon worm is lightly wounded.
You feel less confused. You block the ribbon worm's attack.
You slash the ribbon worm! Your headbutt misses the ribbon worm.
The ribbon worm is severely wounded.
Sigmund hits you from afar with a +0 scythe.
* * * LOW HITPOINT WARNING * * *
The ribbon worm expels a string of sticky webbing.
The stream of webbing misses you.
You slice the ribbon worm!!
You kill the ribbon worm!
Sigmund hits you from afar with a +0 scythe.
* * * LOW HITPOINT WARNING * * *
Sigmund gestures at you while chanting. The puff of flame hits you!
You die...
Sigmund begins carving another notch in his scythe.

#######.. .
##......... >.
##.......... ...#
#............ ....
#............. ....
#.............. ..#
#............... #
#.@.............. #
##@.......?.......#
#.......... #..
#........... ###
#........... .###
#<$......... .....
#........... .....
#........... ......
##.......... #.....


You could see Sigmund.

Vanquished Creatures
  Robin (D:2)
  An adder (D:2)
  A dart slug (D:1)
  3 ribbon worms (D:2)
  5 ball pythons
  3 endoplasms (D:2)
  17 goblins
  9 hobgoblins
  2 jackals (D:2)
  A kobold (D:2)
  3 quokkas
  A bat (D:2)
  A frilled lizard (D:2)
  3 rats
51 creatures vanquished.

Notes
Turn   | Place    | Note
-------+----------+-------------------------------------------
     0 | D:1      | Loakagen the Minotaur Fighter began the quest for the Orb.
     0 | D:1      | Reached XP level 1. HP: 19/19 MP: 0/0
   177 | D:1      | Reached XP level 2. HP: 22/27 MP: 1/1
   630 | D:2      | Reached XP level 3. HP: 25/34 MP: 2/2
   897 | D:2      | Noticed Robin
   907 | D:2      | Reached XP level 4. HP: 20/41 MP: 3/3
   908 | D:2      | Killed Robin
   910 | D:2      | Reached skill level 1 in Throwing
   988 | D:2      | Noticed Sigmund
  1005 | D:2      | Killed from afar by Sigmund

Illustrated notes

Levels and vault maps discovered:
D:1:      dpeg_arrival_solitude, layout_loops_ring
D:2:      layout_rooms, chequers_serial_rivers_small_3, uniq_crazy_yiuf_cottage,
          uniq_robin, uniq_sigmund

Skill      XL: |  1  2  3  4 |
---------------+-------------+-----
Fighting       | 4 |  4.9
Axes           | 3 4 |  4.1
Throwing       | 1 |  1.0
Armour         | |  3.6
Shields        | |  3.6

Action                     |  1- 3 |  4- 6 || total
---------------------------+-------+-------++-------
  Melee: War axe           |    77 |    11 ||    88
         Headbutt          |     8 |     1 ||     9
    Use: Potion            |       |     1 ||     1
 Armour: Scale mail        |    75 |    18 ||    93
  Dodge: Dodged            |    36 |    11 ||    47
  Block: Buckler           |    13 |     1 ||    14

Table legend: (Time is in decaauts)
 A = Elapsed time spent in this place.
 B = Non-inter-level travel time spent in this place.
 C = Inter-level travel time spent in this place.
 D = Time resting spent in this place.
 E = Time spent auto-exploring this place.
 F = Levels seen in this place.
 G = Mean time per level.
                   A        B        C        D        E       F      G
               +--------+--------+--------+--------+--------+-----+--------+
         Total |   1038 |   1018 |     20 |      0 |    790 |   2 |  519.0 |
       Dungeon |   1038 |   1018 |     20 |      0 |    790 |   2 |  519.0 |
               +--------+--------+--------+--------+--------+-----+--------+

Top non-repeatable levels by time:
     D:1: 635 daAuts
     D:2: 403 daAuts
